AoeStats
← amjedballer

Arena

505806708Analyzed
2v2 RM · 20d ago on Sep 11, 2026· 66m 7s· 4 players
Game mode
Random Map
Map size
Medium (4 player)
Population
200
Speed
Normal
Resources
Standard
Victory
Conquest
Starting age
Dark Age
Ending age
Imperial Age
RankedLock teamsTeams togetherTeam positionsShared explorationLock speedFull tech treeHidden civsTurbo modeCheats
Victory
Defeat
🇦🇺 Mongols · Australia
1139
+11
🇮🇳 Slavs · India
1095
+13
🇺🇸 Gurjaras · United States
1027
-12
🇺🇸 Khmer · United States
1024
-12
GoodBadBoi
0:58 Loom
9:19 Feudal Age
14:43 Castle Age
13:20 Double-Bit Axe
13:59 Horse Collar
15:23 Heavy Plow
16:54 Loom
18:17 Bow Saw
22:35 Wheelbarrow
24:15 Forging
24:54 Bloodlines
25:22 Scale Barding Armor
25:43 Husbandry
26:58 Gold Mining
26:56 Pikeman
28:14 Iron Casting
29:01 Scale Mail Armor
29:31 Chain Barding Armor
29:32 Scale Mail Armor
31:54 Gold Shaft Mining
32:14 Chain Mail Armor
32:15 Squires
33:21 Hand Cart
32:52 Town Watch
36:25 Imperial Age
34:12 Stone Mining
36:04 Ballistics
35:41 Murder Holes
37:25 Conscription
36:30 Halberdier
38:12 Blast Furnace
37:44 Plate Mail Armor
36:35 Capped Ram
36:36 Onager
38:13 Cavalier
39:00 Siege Onager
40:10 Town Patrol
40:29 Detinets
40:13 Light Cavalry
41:32 Plate Barding Armor
41:00 Heavy Scorpion
43:00 Chemistry
43:02 Two-Man Saw
42:47 Crop Rotation
43:04 Hussar
46:56 Ballistics
46:42 Siege Engineers
49:00 Druzhina
LiamJ5500
11:33 Feudal Age
13:06 Horse Collar
13:14 Double-Bit Axe
14:53 Loom
15:05 Loom
18:07 Castle Age
17:58 Wheelbarrow
18:43 Fletching
18:54 Padded Archer Armor
amjedballer
10:11 Feudal Age
10:51 Double-Bit Axe
11:26 Gold Mining
14:43 Fletching
16:39 Horse Collar
20:30 Loom
24:45 Castle Age
24:52 Crossbowman
25:35 Bodkin Arrow
25:41 Padded Archer Armor
28:05 Gold Shaft Mining
27:51 Leather Archer Armor
27:49 Stone Mining
29:02 Wheelbarrow
28:23 Town Watch
28:45 Heavy Plow
29:22 Bow Saw
29:49 Ballistics
30:17 Stone Shaft Mining
30:21 Hand Cart
34:13 Imperial Age
32:13 Masonry
31:59 Murder Holes
33:39 Town Watch
34:15 Arbalester
35:59 Chemistry
36:12 Architecture
36:19 Town Patrol
36:05 Loom
37:50 Bracer
38:47 Conscription
40:24 Light Cavalry
41:31 Bloodlines
43:19 Hussar
44:02 Husbandry
44:21 Forging
44:17 Scale Barding Armor
44:43 Ring Archer Armor
46:29 Hoardings
54:05 Heavy Scorpion
56:59 Double Crossbow
Dick Johnson
11:03 Feudal Age
10:13 Loom
14:59 Castle Age
27:18 Horse Collar
27:29 Double-Bit Axe
36:10 Imperial Age
35:48 Husbandry
35:59 Bloodlines
38:16 Bow Saw
41:03 Scale Barding Armor
41:10 Forging
44:10 Ballistics
44:42 Fletching
46:43 Chemistry
50:21 Murder Holes
51:19 Heavy Camel Rider
Connection lost

Rejoining the realm…

Still unreachable

The connection could not be restored.

Session expired

The server has moved on; the page needs a fresh start.